 Dungeon Crawl Stone Soup version 0.25.1-8-g42b30a86e7 (webtiles) character file.

Game seed: 13010399520020239330

7730 Descartes the Brawler (level 11, -4/92 HPs)
             Began as a Troll Assassin on Dec 12, 2020.
             Slain by a killer bee (5 damage)
             ... on level 9 of the Dungeon.
             The game lasted 00:17:27 (9376 turns).

Descartes the Brawler (Troll Assassin)              Turns: 9376, Time: 00:17:27

Health: -4/92      AC:  9    Str: 22    XL:     11   Next: 0%
Magic:  10/10      EV:  9    Int:  7    God:
Gold:   331        SH:  0    Dex: 13    Spells: 10/10 levels left

rFire    + . .     SeeInvis .     - Unarmed
rCold    + . .     Gourm    +   (no shield)
rNeg     . . .     Faith    .   I - +2 robe {MR+}
rPois    .         Spirit   .   (helmet restricted)
rElec    .         Reflect  .   c - +0 cloak
rCorr    .         Harm     .   (gloves unavailable)
MR       +....                  (boots unavailable)
Stlth    ++........             n - amulet of the acrobat
HPRegen  0.65/turn              p - ring of protection from fire
MPRegen  0.12/turn              s - ring of protection from cold

@: lethally poisoned (-4 -> -4)
A: large, unfitting armour, claws 3, fast metabolism 3, gourmand, regeneration
1, shaggy fur 1, tough skin 3
a: no special abilities


You were on level 9 of the Dungeon.
You were very full.

You visited 2 branches of the dungeon, and saw 10 of its levels.

You collected 331 gold pieces.

Inventory:

Hand Weapons
 K - the +1 whip "Esuob" {venom, Dex+4}
   (You took it off a wight on level 6 of the Dungeon)

   It poisons the flesh of those it strikes.
   It affects your dexterity (+4).
 L - a +5 falchion
Missiles
 d - 30 poisoned darts (quivered)
 e - 14 curare-tipped darts
 i - 8 atropa-tipped darts
 l - 384 stones
 B - 2 boomerangs
Armour
 b - a +0 robe
 c - a +0 cloak (worn)
 I - a +2 robe of magic resistance (worn)
Magical Staves
 Q - an uncursed staff of summoning {unknown}
Jewellery
 n - an amulet of the acrobat (around neck)
 p - a ring of protection from fire (left claw)
 s - a ring of protection from cold (right claw)
 z - a +6 ring of dexterity
Wands
 k - a wand of digging (5)
 A - a wand of disintegration (29)
 O - a wand of flame (12)
 P - a wand of acid (4)
Scrolls
 a - 3 scrolls of enchant weapon {unknown}
 h - 2 scrolls of magic mapping {unknown}
 m - 8 scrolls of blinking {unknown}
 r - a scroll of fog {unknown}
 u - 6 scrolls of amnesia {unknown}
 v - 9 scrolls of teleportation {unknown}
 y - a scroll of immolation {unknown}
 F - 3 scrolls of remove curse {unknown}
 J - 2 scrolls of fear {unknown}
 M - a scroll of vulnerability {unknown}
 N - a scroll of torment {unknown}
 R - a scroll of enchant armour {unknown}
Potions
 j - 4 potions of flight
 o - a potion of brilliance {unknown}
 w - 2 potions of magic
 x - a potion of stabbing
 D - a potion of haste
 E - a potion of mutation {unknown}
 G - 3 potions of lignification
 H - a potion of degeneration {unknown}
 S - 2 potions of curing
Miscellaneous
 C - a lightning rod (4/4)
Comestibles
 f - 27 rations


   Skills:
 - Level 1.5 Fighting
   Level 1.5 Short Blades
 - Level 5.0 Throwing
 - Level 0.7 Dodging
 - Level 2.1 Stealth
 + Level 15.2 Unarmed Combat


You had 10 spell levels left.
You didn't know any spells.
Your spell library contained the following spells:

 Spells                   Type           Power        Failure   Level  Hunger
 Animate Skeleton         Necr           N/A          43%         1    ##.....
 Pain                     Necr           #...         43%         1    ##.....
 Confusing Touch          Hex            #.......     80%         3    ####...
 Gell's Gravitas          Tloc           #.........   80%         3    ####...
 Vampiric Draining        Necr           #.........   80%         3    ####...
 Animate Dead             Necr           N/A          99%         4    #####..
 Petrify                  Tmut/Erth      #.......     99%         4    #####..
 Agony                    Necr           #.......     100%        5    ######.
 Metabolic Englaciation   Hex/Ice        #.........   100%        5    ######.
 Yara's Violent Unravell  Hex/Tmut       #.........   100%        5    ######.


Dungeon Overview and Level Annotations

Branches:
Dungeon (9/15)             Temple (1/1) D:6            Lair (0/6) D:8
    Orc: D:9-12

Altars:
Ashenzari
Cheibriados
Dithmenos
Elyvilon
Fedhas
Gozag
Hepliaklqana
Kikubaaqudgha
Makhleb
Nemelex Xobeh
Okawaru
Qazlal
Ru
Sif Muna
Trog
Uskayaw
Vehumet
Wu Jian
Xom
Yredelemnul
Zin
The Shining One

Shops:
D:5 }


Innate Abilities, Weirdness & Mutations

You are too large for most types of armour.
You have claws for hands.
Your metabolism is lightning-fast.
You like to eat raw meat.
Your natural rate of healing is unusually fast.
You are covered in fur. (AC +1)
You have extremely tough skin. (AC +3)


Message History

* * * LOW HITPOINT WARNING * * *
The killer bee stings you.
* * * LOW HITPOINT WARNING * * *
You mangle the killer bee!!
You kill the killer bee!
You have reached level 11!
You closely miss the killer bee. Your claw misses the killer bee.
You feel sick. The killer bee stings you.
* * * LOW HITPOINT WARNING * * *
The killer bee barely misses you.
You claw the killer bee!
The killer bee is heavily wounded.
The killer bee stings you!
* * * LOW HITPOINT WARNING * * *
You mangle the killer bee!!
You kill the killer bee!
You miss the killer bee.
* * * LOW HITPOINT WARNING * * *
You feel sick. The killer bee stings you.
You die...

##..........####.))รท##
##...........##....#
######..[####.........#
###..#....##
###.......#
###[.......## ##......#
#.)######### ##.....#
..## ##.....# .##
##########......# .#
##.....@yy.......# .##
##....#####.......###
..#######...###
#####.....####
............##
####.....#
.............########
###...#
....####.....>......##
##..##
.....###......##.....##
##..#
............#######...#
##..# #####.......)#
##).# ##Y..#


You could see 2 killer bees.

Vanquished Creatures
  A deep elf mage (D:9)
  A gargoyle (D:8)
  Psyche (D:9)
  2 hornets (D:8)
  5 yaks (D:9)
  A wyvern (D:9)
  Eustachio (D:4)
  2 hungry ghosts
  A soldier ant (D:8)
  A water moccasin (D:8)
  2 orc warriors
  2 phantoms
  2 ice beasts
  2 black bears
  4 sky beasts
  A necrophage (D:8)
  An eye of draining (D:8)
  2 ogres
  4 centaurs
  A crocodile (D:9)
  3 big kobolds
  6 bullfrogs
  2 gnoll sergeants (D:7)
  A scorpion (D:5)
  6 killer bees (D:9)
  6 wights
  4 crimson imps
  4 howler monkeys
  A centaur zombie (D:7)
  A bullfrog zombie (D:8)
  16 orc wizards
  A centaur skeleton (D:9)
  10 orc priests
  A bullfrog skeleton (D:8)
  A hound (D:9)
  Ijyb (D:5)
  An iguana (D:4)
  6 worker ants
  A hound zombie (D:9)
  A hound skeleton (D:5)
  A worker ant zombie (D:6)
  10 gnolls (D:7)
  7 adders
  3 shadow imps
  2 oozes
  An adder zombie (D:6)
  An adder skeleton (D:5)
  A worm (D:3)
  3 dart slugs
  4 leopard geckos
  38 orcs
  5 giant cockroaches
  8 goblins
  11 hobgoblins
  15 jackals
  37 kobolds
  3 quokkas
  A ball python (D:6)
  5 bats
  3 frilled lizards
  2 quokka skeletons
  A quokka zombie (D:8)
  5 rats
  A plant (D:4)
278 creatures vanquished.

Notes
Turn   | Place    | Note
-------+----------+-------------------------------------------
     0 | D:1      | Descartes the Troll Assassin began the quest for the Orb.
     0 | D:1      | Reached XP level 1. HP: 19/19 MP: 0/0
    53 | D:1      | Reached skill level 1 in Unarmed Combat
   193 | D:1      | Reached XP level 2. HP: 27/27 MP: 1/1
   579 | D:1      | Reached skill level 2 in Unarmed Combat
   988 | D:2      | Reached XP level 3. HP: 33/33 MP: 2/2
  1018 | D:2      | Reached skill level 3 in Unarmed Combat
  1514 | D:2      | Reached XP level 4. HP: 41/41 MP: 3/3
  1889 | D:3      | Reached skill level 4 in Unarmed Combat
  2609 | D:3      | Found a radiant altar of Vehumet.
  2610 | D:3      | Found a shimmering blue altar of Sif Muna.
  2613 | D:3      | Reached XP level 5. HP: 48/48 MP: 4/4
  2700 | D:4      | Reached skill level 5 in Unarmed Combat
  2852 | D:4      | Reached XP level 6. HP: 53/55 MP: 5/5
  2906 | D:4      | Reached skill level 6 in Unarmed Combat
  3077 | D:4      | Noticed Eustachio
  3098 | D:4      | Killed Eustachio
  3169 | D:4      | Reached skill level 7 in Unarmed Combat
  4122 | D:5      | Entered Level 5 of the Dungeon
  4129 | D:5      | Reached XP level 7. HP: 59/62 MP: 6/6
  4285 | D:5      | Noticed Ijyb
  4293 | D:5      | Killed Ijyb
  4399 | D:5      | Reached skill level 8 in Unarmed Combat
  4659 | D:5      | Found Neleylips's Gadget Shoppe.
  5104 | D:6      | Reached XP level 8. HP: 67/70 MP: 7/7
  5379 | D:6      | Reached skill level 9 in Unarmed Combat
  5413 | D:6      | Identified the +1 whip "Esuob" {venom, Dex+4}
  5569 | D:6      | Found a staircase to the Ecumenical Temple.
  5632 | Temple   | Entered the Ecumenical Temple
  5792 | D:6      | Reached skill level 5 in Throwing
  5930 | D:6      | Reached skill level 10 in Unarmed Combat
  6364 | D:7      | You fall into a shaft and drop 2 floors!
  6409 | D:9      | Reached XP level 9. HP: 65/76 MP: 8/8
  6467 | D:8      | Noticed Psyche
  6472 | D:8      | Noticed a gargoyle
  6494 | D:9      | Killed Psyche
  6504 | D:8      | Reached skill level 11 in Unarmed Combat
  6526 | D:8      | Killed a gargoyle
  6575 | D:8      | Reached skill level 12 in Unarmed Combat
  7042 | D:8      | Found a staircase to the Lair.
  7064 | D:8      | Paralysed by a hornet for 1 turns
  7086 | D:8      | Reached skill level 13 in Unarmed Combat
  7086 | D:8      | Reached XP level 10. HP: 12/85 MP: 9/9
  7661 | D:7      | Found a shimmering altar of Xom.
  8257 | D:8      | Found a shimmering altar of Xom.
  8437 | D:9      | Found a hazy altar of Hepliaklqana.
  8511 | D:9      | Reached skill level 14 in Unarmed Combat
  8981 | D:9      | Noticed a deep elf mage
  8997 | D:9      | Killed a deep elf mage
  9298 | D:9      | Reached skill level 15 in Unarmed Combat
  9372 | D:9      | Reached XP level 11. HP: 10/92 MP: 10/10
  9374 | D:9      | HP: 1/92 [killer bee (7)]
  9376 | D:9      | Slain by a killer bee

Illustrated notes

Levels and vault maps discovered:
D:1:      roderic_octagonal_star, layout_basic
D:2:      layout_basic, first_ration, minmay_joined_circles
D:3:      layout_loops_ring, gammafunk_temple_overflow_statue
D:4:      kennysheep_kobold_camp, layout_layer_cave, bh_walls_and_bars,
          uniq_eustachio
D:5:      layout_cave_pools, serial_shops, shop, uniq_ijyb
D:6:      kennysheep_spiral_hall, layout_loops_corners,
          minmay_temple_entry_statues
D:7:      layout_loops_cross, xom_teletrap_fun
D:8:      layout_basic, marbit_many_paths, lair_entry_dummy, minmay_door_square,
          hangedman_pestilent_swarm, uniq_psyche
D:9:      layout_layer_cave, lemuel_doored_altar
Temple:   compressed_dpeg_circular_temple

Skill      XL: |  1  2  3  4  5  6  7  8  9 10 |
---------------+-------------------------------+-----
Unarmed Combat | 1 2 3 4 5 7 8 10 13 15 | 15.2
Throwing       | 3 5 |  5.0
Fighting       | |  1.5
Short Blades   | |  1.5
Dodging        | |  0.7
Stealth        | |  2.1

Action                   |  1- 3 |  4- 6 |  7- 9 | 10-12 || total
-------------------------+-------+-------+-------+-------++-------
Melee: Unarmed           |    94 |   198 |   322 |   262 ||   876
       Punch             |     1 |     1 |    11 |    19 ||    32
  Use: Scroll            |       |     5 |     1 |     1 ||     7
       Potion            |       |       |     6 |       ||     6
 Stab: Sleeping          |     3 |     5 |     3 |     1 ||    12
       Distracted        |       |       |     1 |       ||     1
  Eat: Chunk             |    19 |    19 |    32 |    36 ||   106
       Ration            |       |       |       |     1 ||     1
Armor: Robe              |    45 |    62 |   111 |    89 ||   307
Dodge: Dodged            |    53 |   101 |   176 |   131 ||   461
